 Dungeon Crawl Stone Soup version 0.27-a0-1193-g8631133539 (webtiles) character file.

Game seed: 14681601997344111800

6 spiderkeys the Conjurer (level 1, 0/11 HPs)
             Began as an Octopode Conjurer on May 27, 2021.
             Slain by a jackal (3 damage)
             ... on level 1 of the Dungeon.
             The game lasted 00:00:17 (191 turns).

spiderkeys the Conjurer (Octopode Conjurer)          Turns: 191, Time: 00:00:18

Health: 0/11       AC:  1    Str:  6    XL:     1   Next: 90%
Magic:  0/3        EV: 13    Int: 20    God:
Gold:   15         SH:  0    Dex: 10    Spells: 3/4 levels left

rFire    . . .     SeeInvis .   (no weapon)
rCold    . . .     Faith    .   (no shield)
rNeg     . . .     Spirit   .   (helmet restricted)
rPois    .         Reflect  .   (no amulet)
rElec    .         Harm     .   (no ring)
rCorr    .         Rampage  .   (no ring)
Will     .....                  (no ring)
Stlth    +++.......             (no ring)
HPRegen  0.03/turn              (no ring)
MPRegen  0.08/turn              (no ring)
                                (no ring)
                                (no ring)

@: no status effects
A: almost no armour, amphibious, 8 rings, camouflage 1, gelatinous body 1,
(nimble swimmer 1), tentacles
a: no special abilities


You were on level 1 of the Dungeon.
You visited 1 branch of the dungeon, and saw 1 of its levels.

You collected 15 gold pieces.


Innate Abilities, Weirdness & Mutations

You cannot wear most types of armour.
You are amphibious.
You can wear up to eight rings at the same time.
Your skin changes colour to match your surroundings (Stealth+).
Your rubbery body absorbs attacks. (AC +1, EV +1)
((You are camouflaged near water. (Stealth+)))
You have tentacles for arms and can constrict up to eight enemies at once.


   Skills:
 - Level 2.0 Dodging
 - Level 2.6 Stealth
 + Level 2.1 Spellcasting
 * Level 4.2 Conjurations


You had 3 spell levels left.
You knew the following spells:

 Your Spells              Type           Power      Damage    Failure   Level
m - Magic Dart            Conj           76%        1d6       2%          1

Your spell library contained the following spells:

 Spells                   Type           Power      Damage    Failure   Level
 Searing Ray              Conj           38%        3d4       4%          2
 Dazzling Flash           Conj/Hex       20%        N/A       21%         3
 Fulminant Prism          Conj/Hex       5%         3d7       54%         4
 Iskenderun's Mystic Bla  Conj/Tloc      10%        2d4       54%         4

Inventory:

Scrolls
 a - a scroll of enchant weapon {unknown}
 c - a scroll of magic mapping {unknown}
Potions
 b - a potion of invisibility {unknown}

Dungeon Overview and Level Annotations

Branches:
Dungeon (1/15)

Altars:

##############
#####.............
#.....############
#@##### ### #h#
#.. #h. #.# #..#
#.# #[.# # #.#
#..# ##.####.#
.... .........
#... ...†....#
##.###...


You could see 2 jackals.


Message History

You kill the goblin! 😎 MP[-1]
You lost 1 mp, and now have 1/3 mp.
There is an open door here.
You see here a +0 dagger.
You open the door.
A giant cockroach comes into view. 😎 MP[+2]
Your mp is fully restored (3).
The magic dart hits the giant cockroach but does no damage. 😎 MP[-1]
You lost 1 mp, and now have 2/3 mp.
The magic dart hits the giant cockroach.
The giant cockroach closely misses you. 😎 MP[-1]
You lost 1 mp, and now have 1/3 mp.
The magic dart hits the giant cockroach.
You kill the giant cockroach! 😎 MP[-1]
You lost 1 mp, and now have 0/3 mp.
A frilled lizard comes into view.
There is an open door here. 😎 MP[+3]
Your mp is fully restored (3).
The magic dart hits the frilled lizard.
You kill the frilled lizard! 😎 MP[-1]
You lost 1 mp, and now have 2/3 mp.
You can't see any susceptible monsters within range! (Use Z to cast anyway.)
A bat comes into view.
You see here a frilled lizard corpse. 😎 MP[+1]
Your mp is fully restored (3).
A bat is nearby!
The magic dart hits the bat.
You kill the bat! 😎 MP[-1]
You lost 1 mp, and now have 2/3 mp.
You can't see any susceptible monsters within range! (Use Z to cast anyway.)
You now have 15 gold pieces.
a - a scroll labelled VYTHROFF NOEWU 😎 MP[+1]
Your mp is fully restored (3).
A ball python comes into view.
The magic dart hits the ball python.
You kill the ball python! 😎 MP[-1]
You lost 1 mp, and now have 2/3 mp.
You can't see any susceptible monsters within range! (Use Z to cast anyway.)
b - a lumpy red potion 😎 MP[+1]
Your mp is fully restored (3).
There is a shaft here.
c - a scroll labelled EFEUHO IRIRIOQ A jackal comes into view.
The magic dart hits the jackal.
The jackal barks!
You hear a bark!
A jackal comes into view. 😎 MP[-1]
You lost 1 mp, and now have 2/3 mp.
The magic dart hits the jackal.
The jackal barks! 😎 MP[-1]
You lost 1 mp, and now have 1/3 mp.
The magic dart hits the jackal.
A jackal comes into view. 😎 MP[-1]
You lost 1 mp, and now have 0/3 mp.
You are too depleted to draw on your mana recklessly!
You are too depleted to draw on your mana recklessly!
You are too depleted to draw on your mana recklessly!
You are too depleted to draw on your mana recklessly!
You closely miss the jackal. Your grab misses the jackal.
The jackal barely misses you.
You completely miss the jackal. You grab the jackal.
You constrict the jackal, but do no damage.
The jackal bites you. x2 😮 HP[-4]
You take 4 damage, and now have 7/11 hp.
MASSIVE DAMAGE!! (PAUSE)
You tentacle-slap the jackal but do no damage.
You squeeze the jackal.
You kill the jackal!
You barely miss the jackal. You grab the jackal.
You constrict the jackal, but do no damage.
The jackal closely misses you. The jackal bites you. 😮 HP[-1]
You take 1 damage, and now have 6/11 hp.
You tentacle-slap the jackal. You constrict the jackal.
The jackal barely misses you.
You tentacle-slap the jackal but do no damage.
You constrict the jackal. The jackal closely misses you. The jackal bites you.
* * * LOW HITPOINT WARNING * * *
😨 HP[-3]
You take 3 damage, and now have 3/11 hp.
MASSIVE DAMAGE!! (PAUSE)
You tentacle-slap the jackal but do no damage.
You constrict the jackal, but do no damage.
The jackal bites you.
You die...

Action                   || total
-------------------------++-------
Melee: Unarmed           ||     7
       Constrict         ||     2
       Tentacles         ||     1
 Cast: Magic Dart        ||    11
Dodge: Dodged            ||     6

Levels and vault maps discovered:
D:1:      shiori_arrival_oz, layout_loops_ring, minmay_box_of_dots

Notes
Turn   | Place    | Note
-------+----------+-------------------------------------------
     0 | D:1      | spiderkeys the Octopode Conjurer began the quest for the
                  | Orb.
     0 | D:1      | Reached XP level 1. HP: 11/11 MP: 3/3
     0 | D:1      | magus.rc [v1.9.10]
   191 | D:1      | Slain by a jackal

Vanquished Creatures
  A giant cockroach (D:1)
  A goblin (D:1)
  A jackal (D:1)
  A ball python (D:1)
  A bat (D:1)
  A frilled lizard (D:1)
6 creatures vanquished.

Table legend:
 A = Non-vault XP
 B = Vault XP
 C = Vault XP percentage of total XP
 D = Non-vault monster count
 E = Vault monster count
 F = Vault count percentage of total count
                 A         B        C        D         E       F
            +---------+---------+-------+---------+---------+-------
      Total |       7 |       2 |  22.2 |       5 |       1 |  16.7
            +---------+---------+-------+---------+---------+-------
        D:1 |       7 |       2 |  22.2 |       5 |       1 |  16.7
            +---------+---------+-------+---------+---------+-------

Illustrated notes

Table legend:
 A = Kills in this place as a percentage of kills in entire the game.
 B = Kills by you in this place as a percentage of kills by you in the entire game.
 C = Kills by friends in this place as a percentage of kills by friends in the entire game.
 D = Other kills in this place as a percentage of other kills in the entire game.
 E = Experience gained in this place as a percentage of experience gained in the entire game.
 F = Experience gained in this place divided by the number of levels of this place that you have seen.
                   A       B       C       D       E      F
               +-------+-------+-------+-------+-------+----------------------
         Total | 100.0 | 100.0 |   N/A |   N/A | 100.0 |   9.0
       Dungeon | 100.0 | 100.0 |   N/A |   N/A | 100.0 |   9.0
               +-------+-------+-------+-------+-------+----------------------

Table legend: (Time is in decaauts)
 A = Elapsed time spent in this place.
 B = Non-inter-level travel time spent in this place.
 C = Inter-level travel time spent in this place.
 D = Time resting spent in this place.
 E = Time spent auto-exploring this place.
 F = Levels seen in this place.
 G = Mean time per level.
                   A        B        C        D        E       F      G
               +--------+--------+--------+--------+--------+-----+--------+
         Total |    191 |    191 |      0 |      0 |    164 |   1 |  191.0 |
       Dungeon |    191 |    191 |      0 |      0 |    164 |   1 |  191.0 |
               +--------+--------+--------+--------+--------+-----+--------+

Top non-repeatable levels by time:
     D:1: 191 daAuts
